 Dungeon Crawl Stone Soup version 0.30-b1-2-g02819fbbbe (webtiles) character file.

Game seed: 7148081165161369138

1568 nightchill the Carver (level 8, -1/75 HPs)
             Began as a Minotaur Fighter on May 22, 2023.
             Was an Elder of Cheibriados.
             Succumbed to an orc wizard's poison
             ... on level 6 of the Dungeon on July 19, 2023.
             The game lasted 00:09:18 (4091 turns).

nightchill the Carver (Minotaur Fighter)            Turns: 4091, Time: 00:09:18

Health: -1/75      AC: 15    Str: 31    XL:     8   Next: 59%
Magic:  7/7        EV:  8    Int: 14    God:    Cheibriados [****..]
Gold:   344        SH:  6    Dex: 20    Spells: 7/7 levels left

rFire   . . .        a - +0 long sword
rCold   . . .        c - +0 buckler
rNeg    . . .        r - +0 shadow dragon scales
rPois   .            (helmet restricted)
rElec   .            (no cloak)
rCorr   .            k - +2 pair of gloves
SInv    .            (no boots)
Will    .....        (no amulet)
Stlth   +++          (no ring)
HPRegen 0.32/turn    (no ring)
MPRegen 0.10/turn

%: no passive effects
@: lethally poisoned (-1 -> -19), on berserk cooldown, slowed, very slow
A: horns 2, retaliatory headbutt
a: Renounce Religion, Bend Time, Temporal Distortion, Slouch


You were on level 6 of the Dungeon.
You worshipped Cheibriados.
Cheibriados was greatly pleased with you.
You visited 1 branch of the dungeon, and saw 6 of its levels.

You collected 344 gold pieces.

Inventory:

Hand Weapons
 a - a +0 long sword (weapon)
Armour
 b - a +0 scale mail
 c - a +0 buckler (worn)
 k - a +2 pair of gloves (worn)
 r - +0 shadow dragon scales (worn)
Jewellery
 m - an amulet of reflection
Wands
 t - a wand of polymorph (6)
Scrolls
 e - 2 scrolls of fear {unknown}
 f - 6 scrolls of identify {unknown}
 i - 2 scrolls of vulnerability {unknown}
 l - 2 scrolls of magic mapping {unknown}
 o - a scroll of enchant armour {unknown}
 p - a scroll of noise {unknown}
 q - a scroll of torment {unknown}
 u - a scroll of summoning {unknown}
 w - a scroll of poison {unknown}
 x - 2 scrolls of amnesia {unknown}
Potions
 d - a potion of might
 g - a potion of brilliance
 h - 2 potions of haste {unknown}
 j - a potion of attraction
 n - a potion of flight
 s - a potion of mutation {unknown}
 v - a potion of berserk rage
 z - a potion of magic {unknown}


   Skills:
 + Level 8.3 Fighting
 * Level 10.9 Long Blades
 - Level 3.6 Armour
 - Level 3.6 Shields


You had 7 spell levels left.
You didn't know any spells.
Your spell library contained the following spells:

 Spells                   Type           Power      Damage    Failure   Level
 Apportation              Tloc           0%         N/A       85%         1
 Magic Dart               Conj           0%         1d3       85%         1
 Necrotise                Necr           0%         1d4       85%         1
 Summon Small Mammal      Summ           0%         N/A       85%         1
 Call Imp                 Summ           0%         N/A       94%         2
 Cigotuvi's Dreadful Rot  Necr/Pois/Air  0%         N/A       94%         2
 Mephitic Cloud           Conj/Pois/Air  0%         N/A       99%         3
 Vhi's Electric Charge    Tloc/Air       0%         N/A       99%         3
 Dispel Undead            Necr           0%         3d6       100%        4
 Summon Lightning Spire   Summ/Air       0%         N/A       100%        4
 Alistair's Intoxication  Tmut/Pois      0%         N/A       100%        5
 Arcjolt                  Conj/Air       0%         1d10      100%        5
 Death Channel            Necr           0%         N/A       100%        6
 Plasma Beam              Fire/Air       0%         2x1d11    100%        6
 Storm Form               Tmut/Air       0%         N/A       100%        7
 Maxwell's Capacitive Co  Air            0%         ∞         100%        8


Dungeon Overview and Level Annotations

Branches:
Dungeon (6/15)             Temple (0/1) D:4

Altars:
Ashenzari
Cheibriados
Elyvilon
Qazlal
Vehumet
Zin

Annotations:
D:3 2 transporters


Innate Abilities, Weirdness & Mutations

You have a pair of horns on your head.
You reflexively headbutt those who attack you in melee.


Message History

You are more poisoned.
You see here a +0 hand axe.
It was a potion of berserk rage.
A red film seems to cover your vision as you go berserk!
Cheibriados protects you from inadvertent hurry.
You feel mighty!
* * * LOW HITPOINT WARNING * * *
You feel very sick. Something completely misses you.
You are too berserk!
Okay, then.
You feel a strong urge to attack something.
* * * LOW HITPOINT WARNING * * *
You feel extremely sick. Something hits you.
* * * LOW HITPOINT WARNING * * *
You are more poisoned.
Something hits you.
* * * LOW HITPOINT WARNING * * *
Things that are here:
a +0 hand axe; a +0 leather armour; an orc corpse You slash something!
Cheibriados appreciates the change of pace.
Reactivating autopickup.
You feel a bit more experienced.
* * * LOW HITPOINT WARNING * * *
You feel very sick.
Unknown command.
There is a lethal amount of poison in your body!
* * * LOW HITPOINT WARNING * * *
You feel very sick.
You feel a strong urge to attack something.
* * * LOW HITPOINT WARNING * * *
You feel very sick.
* * * LOW HITPOINT WARNING * * *
You feel very sick.
You feel your anger nearly subside.
You are no longer berserk.
You are exhausted.
You feel yourself slow down.
You die...

#. #.############
#.#............#
###.........####.#
#.#####.##..####.####
#.# #.##...........
##.###.###.##..####.####
#...>..@)....!.# #.#
........)).....# #.# #
##.$..#.##.##..# #.####
###.##.##.##...........
#. #.##.##..####.###. #
#.##.#...# #.# ##
#.##...... ..# #.####
<.##


There were no monsters in sight!

Vanquished Creatures
  Sigmund (D:5)
  Menkaure (D:4)
  Duvessa (D:4)
  An ice beast (D:5)
  A black bear (D:4)
  A sky beast (D:4)
  3 phantoms (D:5)
  3 scorpions (D:5)
  Dowan (D:4)
  An orc priest (D:6)
  6 hounds
  Crazy Yiuf (D:5)
  2 iguanas
  An orc wizard (D:6)
  5 adders
  A shadow imp (D:4)
  A worm (D:3)
  2 dart slugs
  10 orcs
  7 ball pythons
  8 endoplasms
  A giant cockroach (D:1)
  6 goblins
  6 hobgoblins
  3 jackals (D:1)
  7 kobolds
  7 quokkas
  4 bats
  10 frilled lizards
  5 rats
107 creatures vanquished.

Vanquished Creatures (others)
  2 fungi (D:5)
2 creatures vanquished.

Grand Total: 109 creatures vanquished

Notes
Turn   | Place    | Note
-------+----------+-------------------------------------------
     0 | D:1      | nightchill the Minotaur Fighter began the quest for the
                  | Orb.
     0 | D:1      | Reached XP level 1. HP: 19/19 MP: 0/0
    45 | D:1      | Reached skill level 3 in Long Blades
    51 | D:1      | Reached XP level 2. HP: 21/27 MP: 1/1
   155 | D:1      | Found a faded altar of an unknown god.
   534 | D:1      | Prayed at the altar of an unknown god.
   534 | D:1      | Became a worshipper of Cheibriados the Contemplative
   534 | D:1      | Reached * piety under Cheibriados
   601 | D:2      | Reached XP level 3. HP: 32/33 MP: 2/2
   710 | D:2      | Reached skill level 4 in Long Blades
   761 | D:2      | Reached ** piety under Cheibriados
   844 | D:2      | You fall into a shaft and drop 2 floors!
   854 | D:4      | Found a stormy altar of Qazlal.
   854 | D:4      | Noticed a sky beast
   868 | D:4      | Killed a sky beast
   869 | D:4      | Reached skill level 5 in Long Blades
   869 | D:4      | Reached XP level 4. HP: 31/41 MP: 3/3
   869 | D:4      | Reached XP level 5. HP: 36/47 MP: 4/4
  1069 | D:4      | Reached skill level 5 in Fighting
  1717 | D:3      | Found a broken altar of Ashenzari.
  1811 | D:3      | Found a transporter.
  1813 | D:3      | Noticed an ice beast
  1817 | D:3      | Found a transporter.
  1827 | D:3      | Found a glowing silver altar of Zin.
  2069 | D:3      | Reached *** piety under Cheibriados
  2072 | D:3      | Reached skill level 6 in Long Blades
  2139 | D:4      | Found a staircase to the Ecumenical Temple.
  2307 | D:4      | Noticed Duvessa
  2307 | D:4      | Noticed Dowan
  2330 | D:4      | Killed Duvessa
  2331 | D:4      | Reached XP level 6. HP: 29/56 MP: 5/5
  2344 | D:4      | Killed Dowan
  2598 | D:4      | Noticed Menkaure
  2604 | D:4      | Killed Menkaure
  2605 | D:4      | Reached skill level 7 in Long Blades
  2962 | D:4      | Reached XP level 7. HP: 63/63 MP: 6/6
  3140 | D:5      | Entered Level 5 of the Dungeon
  3150 | D:5      | Reached skill level 8 in Long Blades
  3272 | D:5      | Found a radiant altar of Vehumet.
  3290 | D:5      | Reached skill level 9 in Long Blades
  3296 | D:5      | Reached XP level 8. HP: 43/73 MP: 7/7
  3550 | D:5      | Noticed Sigmund
  3563 | D:5      | Killed Sigmund
  3564 | D:5      | Reached skill level 10 in Long Blades
  3618 | D:5      | Reached **** piety under Cheibriados
  3699 | D:5      | Found a white marble altar of Elyvilon.
  3887 | D:5      | Found a runed translucent door.
  3888 | D:5      | Noticed Crazy Yiuf
  3896 | D:5      | Killed Crazy Yiuf
  4090 | D:6      | HP: 3/112 [poisoned by an orc wizard]
  4091 | D:6      | Succumbed to an orc wizard's poison

Illustrated notes

Levels and vault maps discovered:
D:1:      dpeg_arrival_round_c, layout_basic,
          hellmonk_ecumenical_altar_dog_temple
D:2:      layout_basic, minmay_lizard_pond
D:3:      layout_basic, gammafunk_temple_overflow_arena,
          mainiacjoe_overflow_brackets
D:4:      layout_basic, nicolae_qazlal_beasts_of_the_sky,
          minmay_temple_entry_statues_pillars, serial_co_window_serial,
          co_window_paths_a, co_window_paths_b, co_window_paths_a,
          co_window_paths_a, co_window_of_opportunity_a, co_window_corner_a,
          co_window_corner_a, co_window_broadway_a, co_window_cross_2,
          co_window_corner_ca, co_window_broadway_c, co_window_paths_d,
          co_window_4corner_a, glass_columns_c, glass_columns_c,
          glass_columns_c, glass_columns_b, glass_columns_c,
          dreamdust_princess_bridge, uniq_menkaure, uniq_duvessa
D:5:      layout_gridville, mainiacjoe_overflow_boulevard, minmay_ruined_shrine,
          uniq_sigmund, uniq_crazy_yiuf_cottage
D:6:      layout_loops_ring, kennysheep_mini_moat, uniq_prince_ribbit1

Skill      XL: |  1  2  3  4  5  6  7  8 |
---------------+-------------------------+-----
Long Blades    | 3 5 6 7 9 10 | 10.9
Fighting       | 4 5 6 7 8 |  8.3
Armour         | |  3.6
Shields        | |  3.6

Action                     |  1- 3 |  4- 6 |  7- 9 || total
---------------------------+-------+-------+-------++-------
  Melee: Long sword        |    77 |    94 |   110 ||   281
         Headbutt          |     8 |    17 |    36 ||    61
    Use: Potion            |       |     6 |     1 ||     7
   Stab: Sleeping          |       |     7 |       ||     7
 Armour: Scale mail        |    44 |    10 |       ||    54
         Shadow dragon sca |       |    30 |    84 ||   114
  Dodge: Dodged            |    48 |    33 |    43 ||   124
  Block: Buckler           |    19 |    26 |    39 ||    84
